 Dungeon Crawl Stone Soup version 0.27-a0-1595-g0b823d0a13 (webtiles) character file.

Game seed: 10085396906585403140

15 HAL9000 the Sneak (level 2, 0/15 HPs)
             Began as a Vine Stalker Brigand on July 20, 2021.
             Slain by a goblin (2 damage)
             ... on level 1 of the Dungeon.
             The game lasted 00:00:47 (664 turns).

HAL9000 the Sneak (Vine Stalker Brigand)             Turns: 664, Time: 00:00:47

Health: 0/15       AC:  3    Str: 13    XL:     2   Next: 50%
Magic:  0/3        EV: 11    Int: 11    God:
Gold:   17         SH:  0    Dex: 15    Spells: 1/1 levels left

rFire    . . .     SeeInvis .   a - +2 dagger
rCold    . . .     Faith    .   (no shield)
rNeg     . . .     Spirit   +   b - +0 robe
rPois    .         Reflect  .   (no helmet)
rElec    .         Harm     .   c - +0 cloak
rCorr    .         Rampage  .   (no gloves)
Will     .....                  (no boots)
Stlth    +++.......             (no amulet)
HPRegen  0.05/turn              (no ring)
MPRegen  0.08/turn              (no ring)

@: no status effects
A: fangs 2, magic shield, antimagic bite, no potion heal 2
a: no special abilities


You were on level 1 of the Dungeon.
You visited 1 branch of the dungeon, and saw 1 of its levels.

You collected 17 gold pieces.

Inventory:

Hand Weapons
 a - a +2 dagger (weapon)
Missiles
 d - 4 poisoned darts (quivered)
 e - 2 curare-tipped darts
Armour
 b - a +0 robe (worn)
 c - a +0 cloak (worn)
 h - a +0 helmet
Scrolls
 f - 2 scrolls of magic mapping {unknown}
 g - a scroll of teleportation {unknown}
Potions
 i - a potion of might {unknown}
 j - a potion of curing {unknown}


   Skills:
 - Level 1.7 Fighting
 - Level 1.7 Short Blades
 + Level 2.7 Throwing
 - Level 0.7 Dodging
 - Level 4.8 Stealth


You had one spell level left.
You didn't know any spells.
Your spell library was empty.

Dungeon Overview and Level Annotations

Branches:
Dungeon (1/15)

Altars:


Innate Abilities, Weirdness & Mutations

You have extremely sharp teeth.
When hurt, damage is shared between your health and your magic reserves.
Your bite disrupts and absorbs the magic of your enemies.
Potions cannot restore your health.


Message History

The ball python constricts you.
You are too injured to fight recklessly!
You hit the ball python.
The ball python is severely wounded.
The ball python bites you.
* * * LOW HITPOINT WARNING * * *
The ball python constricts you.
You closely miss the ball python. You bite the ball python.
You kill the ball python!
Unknown command.
Throw: 8 darts (poison)
Press: ? - help, Q - select action, (/) - cycle Shift-Dir - straight line, f - goblin
Aim: a goblin, wielding a +0 dagger (51% to hit)
You throw a poisoned dart.
The poisoned dart barely misses the goblin.
The poisoned dart closely misses the goblin.
Throw: 7 darts (poison)
Press: ? - help, Q - select action, (/) - cycle Shift-Dir - straight line, f/p - goblin
Aim: a goblin, wielding a +0 dagger (51% to hit)
You throw a poisoned dart.
The poisoned dart closely misses the goblin.
The poisoned dart misses the goblin.
The goblin barely misses you.
Unknown command.
Throw: 6 darts (poison)
Press: ? - help, Q - select action, (/) - cycle Shift-Dir - straight line, f/p - goblin
Aim: a goblin, wielding a +0 dagger (51% to hit)
You throw a poisoned dart.
The poisoned dart barely misses the goblin.
The poisoned dart barely misses the goblin.
The goblin hits you with a +0 dagger.
* * * LOW HITPOINT WARNING * * *
Throw: 5 darts (poison)
Press: ? - help, Q - select action, (/) - cycle Shift-Dir - straight line, f/p - goblin
Aim: a goblin, wielding a +0 dagger (51% to hit)
You throw a poisoned dart.
The poisoned dart barely misses the goblin.
The poisoned dart closely misses the goblin.
The goblin hits you with a +0 club.
You die...

#.......##.........# ...
#.......##.........# #..
........##.........# #..
#.......##.........# ..
..#...####.........### #.
..).#................# #.
........######.#####.####### ##.
....##..### #.#####.......####..
..#.......# #..@gg....(.(...†(..
..#.##..#.####..#.#.#......####..
..#.##..#.........)........# #.#
....†#..##......#.#.#......# #.#
..#.............#.#.#.###.## #.#
................#.#.#.....# #.#
..#..##.###...............# #..
.....##.........###.#.#.### ###
..##.##.###.....###.#.#.#


You could see 2 goblins.

Vanquished Creatures
  An endoplasm (D:1)
  2 goblins (D:1)
  2 hobgoblins (D:1)
  A kobold (D:1)
  A quokka (D:1)
  2 ball pythons (D:1)
  2 bats (D:1)
  2 frilled lizards (D:1)
  A rat (D:1)
14 creatures vanquished.

Notes
Turn   | Place    | Note
-------+----------+-------------------------------------------
     0 | D:1      | HAL9000 the Vine Stalker Brigand began the quest for the
                  | Orb.
     0 | D:1      | Reached XP level 1. HP: 11/11 MP: 2/2
   373 | D:1      | Reached XP level 2. HP: 13/15 MP: 3/3
   608 | D:1      | Found a faded altar of an unknown god.
   664 | D:1      | Slain by a goblin

Illustrated notes

Levels and vault maps discovered:
D:1:      minmay_arrival_nine_rooms, layout_basic,
          ebering_ecumenical_altar_petrified

Skill      XL: |  1 |
---------------+----+-----
Throwing       | 2 |  2.7
Fighting       | |  1.7
Short Blades   | |  1.7
Dodging        | |  0.7
Stealth        | |  4.8

Action                   || total
-------------------------++-------
Melee: Dagger            ||    54
       Bite              ||    10
Throw: Dart              ||     5
 Stab: Sleeping          ||     1
Armor: Robe              ||    16
Dodge: Dodged            ||    25

Table legend: (Time is in decaauts)
 A = Elapsed time spent in this place.
 B = Non-inter-level travel time spent in this place.
 C = Inter-level travel time spent in this place.
 D = Time resting spent in this place.
 E = Time spent auto-exploring this place.
 F = Levels seen in this place.
 G = Mean time per level.
                   A        B        C        D        E       F      G
               +--------+--------+--------+--------+--------+-----+--------+
         Total |    658 |    658 |      0 |      0 |    545 |   1 |  658.0 |
       Dungeon |    658 |    658 |      0 |      0 |    545 |   1 |  658.0 |
               +--------+--------+--------+--------+--------+-----+--------+

Top non-repeatable levels by time:
     D:1: 658 daAuts
